 Dungeon Crawl Stone Soup version 0.28-a0-1142-gc8569940dd (webtiles) character file.

Game seed: 9361868307690335627

454 Vctrnx the Vexing (level 6, -2/28 HPs)
             Began as a Spriggan Enchanter on Dec 13, 2021.
             Killed from afar by Pikel (13 damage)
             ... with a bolt of acid
             ... on level 5 of the Dungeon.
             The game lasted 00:08:21 (5247 turns).

Vctrnx the Vexing (Spriggan Enchanter)              Turns: 5247, Time: 00:08:21

Health: -2/28      AC:  2    Str:  6    XL:     6   Next: 76%
Magic:  10/16      EV: 17    Int: 17    God:
Gold:   1216       SH:  0    Dex: 15    Spells: 9/17 levels left

rFire   . . .      SeeInvis +   n - +1 dagger (drain)
rCold   . . .      Faith    .   (shield restricted)
rNeg    + . .      Spirit   .   b - +0 robe
rPois   .          Reflect  .   (helmet restricted)
rElec   .          Harm     .   (no cloak)
rCorr   +          Rampage  .   (gloves unavailable)
Will    +....                   (boots unavailable)
Stlth   +++.......              m - amulet of the acrobat
HPRegen 0.09/turn               g - ring "Ofanaic" {rN+ rCorr Slay+3}
MPRegen 0.15/turn               o - ring of flight

@: mighty, flying, very quick
A: very small, no large weapons, unfitting armour, see invisible, speed 3
a: no special abilities


You were on level 5 of the Dungeon.
You visited 2 branches of the dungeon, and saw 6 of its levels.

You collected 1286 gold pieces.
You spent 70 gold pieces at shops.

Inventory:

Hand Weapons
 a - a +1 dagger
 f - a +0 rapier
 i - a +0 dagger of freezing
 n - a +1 dagger of draining (weapon)
Missiles
 k - 7 poisoned darts (quivered)
Armour
 b - a +0 robe (worn)
Jewellery
 g - the ring "Ofanaic" (left hand) {rN+ rCorr Slay+3}
   (You acquired it on level 2 of the Dungeon)

   [ring of positive energy]

   Slay:      It affects your accuracy & damage with ranged weapons and melee
   (+3).
   rN:        It protects you from negative energy.
   rCorr:     It protects you from acid and corrosion.
 m - an amulet of the acrobat (around neck)
 o - a ring of flight (right hand)
Scrolls
 h - a scroll of identify
 l - 2 scrolls of immolation
 q - 2 scrolls of teleportation
 r - a scroll of magic mapping
Potions
 c - a potion of invisibility
 d - 3 potions of attraction
 e - 3 potions of lignification
 j - 3 potions of curing


   Skills:
 - Level 1.1 Short Blades
 - Level 2.6 Dodging
 + Level 6.4 Stealth
 + Level 6.0 Spellcasting
 + Level 6.5 Hexes


You had 9 spell levels left.
You knew the following spells:

 Your Spells              Type           Power      Damage    Failure   Level
a - Ensorcelled Hibernat  Hex/Ice        32%        N/A       4%          2
b - Tukima's Dance        Hex            27%        N/A       2%          3
c - Dazzling Flash        Conj/Hex       32%        N/A       10%         3

Your spell library contained the following spells:

 Spells                   Type           Power      Damage    Failure   Level
 Confusing Touch          Hex            27%        N/A       2%          3


Dungeon Overview and Level Annotations

Branches:
Dungeon (5/15)             Temple (1/1) D:5

Altars:
Ashenzari
Elyvilon
Fedhas
Hepliaklqana
Kikubaaqudgha
Makhleb
Nemelex Xobeh
Okawaru
Qazlal
Sif Muna
Trog
Uskayaw
Vehumet
Wu Jian
Xom
Yredelemnul
The Shining One

Shops:
D:4 *

Annotations:
D:4 1 runed translucent door, Rothnd's ghost, novice HuFi
D:5 Pikel


Innate Abilities, Weirdness & Mutations

You are very small and have problems with some larger weapons.
You are too small for most types of armour.
You have supernaturally acute eyesight. (SInv)
You cover ground extremely quickly. (Speed+++)


Message History

You aren't carrying any items that you can evoke.
Unknown command.
Unknown command.
The lemure shouts!
The lemure completely misses you.
There is an open door here.
You hit the lemure.
The lemure is lightly wounded.
Casting: Ensorcelled Hibernation (safe; 4% risk of failure)
Confirm with . or Enter, or press ? or * to list all spells.
Aiming: Ensorcelled Hibernation (safe; 4% risk of failure)
Press: ? - help, Shift-Dir - straight line, f - Pikel
Aim: Pikel, wielding a +0 whip of freezing, wearing a +2 robe of positive energy and carrying a wand of acid (8) (chance to affect: 47%) Pikel resists with some effort.
Casting: Ensorcelled Hibernation (safe; 4% risk of failure)
Confirm with . or Enter, or press ? or * to list all spells.
Aiming: Ensorcelled Hibernation (safe; 4% risk of failure)
Press: ? - help, Shift-Dir - straight line, f/p - Pikel
Aim: Pikel, wielding a +0 whip of freezing, wearing a +2 robe of positive energy and carrying a wand of acid (8) (chance to affect: 47%) Pikel resists with some effort.
Pikel zaps a wand.
The bolt of acid misses you.
Casting: Ensorcelled Hibernation (safe; 4% risk of failure)
Confirm with . or Enter, or press ? or * to list all spells.
Aiming: Ensorcelled Hibernation (safe; 4% risk of failure)
Press: ? - help, Shift-Dir - straight line, f/p - Pikel
Aim: Pikel, wielding a +0 whip of freezing, wearing a +2 robe of positive energy and carrying a wand of acid (7) (chance to affect: 47%) Pikel looks drowsy...
The helpless Pikel fails to defend himself.
You impale Pikel!!
Pikel is severely wounded.
Pikel hits you with a +0 whip of freezing.
Pikel freezes you.
You feel very mighty all of a sudden.
Pikel says, "I'm sure they'll be treated well, anyway."
Pikel hits you with a +0 whip of freezing!
Pikel freezes you.
You barely miss Pikel.
Pikel is severely wounded.
Pikel says, "You'll make a fine lemure."
Pikel zaps a wand.
The bolt of acid hits you! You resist.
You die...

####. ##..... #######+#######.
#... ....... .........#55.....
#...
.......#........@K55.........#...
.......#....##...##...##.....#...
.......#....##...# ..##.....#...
..######....##...####+##.....+...
###..............##...##.....#...
..#.........##...##...##.....#.."
..+.........##...##...##.....#...
###...##....##.........'.....'...
..#...##....##.........#.....#...


You could see Pikel and 4 lemures.

Vanquished Creatures
  Menkaure (D:4)
  An ogre (D:4)
  A scorpion (D:3)
  A jelly (D:5)
  An iguana (D:4)
  4 adders
  An ufetubus (D:5)
  A worm (D:2)
  5 dart slugs
  An orc (D:4)
  4 bats
  5 endoplasms
  6 giant cockroaches
  8 goblins
  7 hobgoblins
  6 kobolds
  7 quokkas
  6 ball pythons
  5 frilled lizards
  3 rats (D:2)
74 creatures vanquished.

Vanquished Creatures (collateral kills)
  An adder skeleton (D:4)
  A kobold (D:4)
2 creatures vanquished.

Vanquished Creatures (others)
  A dancing weapon (D:4)
1 creature vanquished.

Grand Total: 77 creatures vanquished

Notes
Turn   | Place    | Note
-------+----------+-------------------------------------------
     0 | D:1      | Vctrnx the Spriggan Enchanter began the quest for the Orb.
     0 | D:1      | Reached XP level 1. HP: 9/9 MP: 5/5
   459 | D:2      | Found a faded altar of an unknown god.
   464 | D:2      | Noticed a shining eye
   521 | D:2      | Reached XP level 2. HP: 13/13 MP: 7/7
   524 | D:2      | Learned a level 2 spell: Ensorcelled Hibernation
   980 | D:2      | Identified 3 scrolls of acquirement
   980 | D:2      | Acquired the ring "Ofanaic" {rN+ rCorr Slay+3}
   983 | D:2      | Acquired 624 gold pieces
   984 | D:2      | Acquired 433 gold pieces
  1825 | D:2      | Reached XP level 3. HP: 16/16 MP: 9/9
  1829 | D:2      | Learned a level 3 spell: Tukima's Dance
  1833 | D:2      | Learned a level 3 spell: Dazzling Flash
  2036 | D:2      | Noticed a great orb of eyes
  2038 | D:2      | Noticed an eye of devastation
  2038 | D:2      | Noticed a great orb of eyes
  3108 | D:3      | Noticed a scorpion
  3136 | D:3      | Killed a scorpion
  3137 | D:3      | Reached skill level 5 in Hexes
  3137 | D:3      | Reached XP level 4. HP: 21/21 MP: 1/11
  3525 | D:3      | Found a shimmering blue altar of Sif Muna.
  3635 | D:3      | Reached XP level 5. HP: 24/24 MP: 13/13
  3706 | D:3      | You fall into a shaft and drop 2 floors!
  3706 | D:5      | Entered Level 5 of the Dungeon
  3735 | D:5      | Reached skill level 5 in Spellcasting
  3749 | D:5      | Found a staircase to the Ecumenical Temple.
  3758 | Temple   | Entered the Ecumenical Temple
  4092 | D:4      | Noticed a necrophage
  4145 | D:4      | Found Petel's General Store.
  4159 | D:4      | Bought a scroll of teleportation for 30 gold pieces
  4159 | D:4      | Bought a potion of might for 40 gold pieces
  4496 | D:4      | Reached skill level 5 in Stealth
  4556 | D:4      | Noticed Menkaure
  4561 | D:4      | Killed Menkaure
  4562 | D:4      | Reached XP level 6. HP: 28/28 MP: 13/15
  4669 | D:4      | Found a runed translucent door.
  4674 | D:4      | Noticed Rothnd's ghost (novice HuFi)
  5237 | D:5      | Noticed Pikel
  5247 | D:5      | Killed from afar by Pikel

Illustrated notes

Levels and vault maps discovered:
D:1:      psy_arrival_fountain, layout_basic
D:2:      layout_basic, hellmonk_ecumenical_altar_watching_god,
          chequers_hall_statues_wall_a, nrook_mini_backslash,
          grunt_decor_junction
D:3:      layout_basic, nicolae_sif_muna_condensation, minmay_strange_pillars
D:4:      layout_basic, serial_shops, nicolae_diamond_shop,
          ebering_ghost_reflecting_pool, uniq_menkaure
D:5:      layout_gridville, minmay_temple_entry_mini_moons, uniq_pikel
Temple:   eino_temple_scatter_basement

Skill      XL: |  1  2  3  4  5  6 |
---------------+-------------------+-----
Spellcasting   | 3 4 5 6 |  6.0
Hexes          | 4 5 6 |  6.5
Stealth        | 5 6 |  6.4
Short Blades   | |  1.1
Dodging        | |  2.6

Action                   |  1- 3 |  4- 6 || total
-------------------------+-------+-------++-------
Melee: Dagger            |   130 |    71 ||   201
 Cast: Ensorcelled Hiber |     8 |    10 ||    18
       Dazzling Flash    |     1 |       ||     1
       Tukima's Dance    |       |     4 ||     4
  Use: Scroll            |     5 |     5 ||    10
       Potion            |       |     2 ||     2
 Stab: Sleeping          |    16 |    12 ||    28
Armor: Robe              |    12 |    11 ||    23
Dodge: Dodged            |    83 |    47 ||   130

Table legend: (Time is in decaauts)
 A = Elapsed time spent in this place.
 B = Non-inter-level travel time spent in this place.
 C = Inter-level travel time spent in this place.
 D = Time resting spent in this place.
 E = Time spent auto-exploring this place.
 F = Levels seen in this place.
 G = Mean time per level.
                   A        B        C        D        E       F      G
               +--------+--------+--------+--------+--------+-----+--------+
         Total |   3918 |   3803 |    115 |    511 |   2692 |   6 |  653.0 |
       Dungeon |   3756 |   3650 |    106 |    511 |   2548 |   5 |  751.2 |
        Temple |    161 |    153 |      8 |      0 |    143 |   1 |  161.0 |
               +--------+--------+--------+--------+--------+-----+--------+

Top non-repeatable levels by time:
     D:2: 1812 daAuts
     D:4: 688 daAuts
     D:1: 589 daAuts
     D:3: 580 daAuts
  Temple: 161 daAuts
     D:5: 85 daAuts
